 Dungeon Crawl Stone Soup version 0.28-a0-1510-gd0f6b136d3 (webtiles) character file.

Game seed: 6206525153930447800

16 ytrimaz the Skirmisher (level 2, 24/24 HPs)
             Began as a Demonspawn Fighter on Jan 16, 2022.
             Quit the game on level 2 of the Dungeon.
             The game lasted 00:01:21 (1784 turns).

ytrimaz the Skirmisher (Demonspawn Fighter)         Turns: 1784, Time: 00:01:22

Health: 24/24      AC:  6    Str: 16    XL:     2   Next: 37%
Magic:  2/2        EV:  8    Int:  9    God:
Gold:   58         SH:  5    Dex: 14    Spells: 1/1 levels left

rFire   . . .      SeeInvis .   a - +0 flail
rCold   . . .      Faith    .   c - +0 buckler
rNeg    . . .      Spirit   .   b - +0 scale mail
rPois   .          Reflect  .   (no helmet)
rElec   .          Harm     .   (no cloak)
rCorr   .          Rampage  .   (no gloves)
Will    .....                   (no boots)
Stlth   ..........              (no amulet)
HPRegen 0.08/turn               (no ring)
MPRegen 0.08/turn               (no ring)

@: no status effects
A: weakness stinger 1, hooves 1, agile 1, inability to read while threatened
a: no special abilities


You were on level 2 of the Dungeon.
You visited 1 branch of the dungeon, and saw 2 of its levels.

You collected 58 gold pieces.

Inventory:

Hand Weapons
 a - a +0 flail (weapon)
Armour
 b - a +0 scale mail (worn)
 c - a +0 buckler (worn)
Scrolls
 e - a scroll of fog {unknown}
 h - a scroll of fear
Potions
 d - a potion of might
 f - 3 potions of curing {unknown}
 j - a potion of magic {unknown}
 k - a potion of haste {unknown}


   Skills:
 + Level 3.2 Fighting
 + Level 1.8 Maces & Flails
 * Level 3.0 Armour
 * Level 2.9 Shields


You had one spell level left.
You didn't know any spells.
Your spell library was empty.

Dungeon Overview and Level Annotations

Branches:
Dungeon (2/15)

Altars:


Innate Abilities, Weirdness & Mutations

You have a small tail.
You have large cloven feet.
You are agile. (Dex +2)
You sometimes lose the ability to read scrolls when taking damage.


Message History

You feel extremely strange.
You feel agile.
Your feet thicken and deform.
You lose the ability to read scrolls when threatened.
An endoplasm comes into view.
Found a stone staircase leading down.
The endoplasm quivers.
There is a stone staircase leading up here.
An endoplasm is nearby!
An endoplasm is nearby!
An endoplasm is nearby!
You completely miss the endoplasm.
The endoplasm hits you but does no damage.
You sock the endoplasm!
You kill the endoplasm!
Found a stone staircase leading down.
A bat comes into view.
Found an escape hatch in the ceiling.
A bat is nearby!
A bat is nearby!
Found an escape hatch in the floor.
You block the bat's attack.
You hit the bat.
The bat is severely wounded.
The bat hits you. The bat hits you but does no damage.
You sock the bat!
You kill the bat!
You see here a bat corpse.
HP restored.
You see here a bat corpse.
f - 2 fizzy pink potions (gained 1)
Found 17 sling bullets.
You see here 17 sling bullets.
f - 3 fizzy pink potions (gained 1)
Found a leather armour.
Found a stone staircase leading down.
e - a scroll labelled LEIJOI QUITTU A ball python comes into view.
The ball python hisses angrily.
A ball python is nearby!
A ball python is nearby!
Are you sure you want to abandon this character and quit the game? (Confirm with "yes".)

# #. #.. .... .....
#....S############
.......@.........#
##...###########.####
#. ...........#
##.##...##
#######.##.#
#.##.......##
#....##.#
#####.#.........#
#.#####.#
................# #.#
#.# ................#
#.# #.#
##.####.........# #.#
#.#


You could see a ball python.

Vanquished Creatures
  2 ball pythons (D:1)
  2 bats
  3 endoplasms
  A goblin (D:2)
  A hobgoblin (D:1)
  A quokka (D:1)
  A frilled lizard (D:1)
  2 kobolds (D:2)
13 creatures vanquished.

Notes
Turn   | Place    | Note
-------+----------+-------------------------------------------
     0 | D:1      | ytrimaz the Demonspawn Fighter began the quest for the Orb.
     0 | D:1      | Reached XP level 1. HP: 18/18 MP: 1/1
   483 | D:1      | Found a faded altar of an unknown god.
   597 | D:1      | Gained mutation: You have a small tail. [demonic ancestry]
   597 | D:1      | Reached XP level 2. HP: 16/24 MP: 2/2
  1558 | D:2      | Gained mutation: You are agile. (Dex +2) [potion of
                  | mutation]
  1558 | D:2      | Gained mutation: You have large cloven feet. [potion of
                  | mutation]
  1558 | D:2      | Gained mutation: You sometimes lose the ability to read
                  | scrolls when taking damage. [potion of mutation]
  1784 | D:2      | Quit the game

Illustrated notes

Levels and vault maps discovered:
D:1:      lordsloth_arrival_two_stooges, layout_basic,
          hellmonk_ecumenical_altar_zigzags, moated_statue, hex_medium
D:2:      layout_loops_ring, grunt_ministairs_7

Skill      XL: |  1  2 |
---------------+-------+-----
Armour         | 3 |  3.0
Fighting       | |  3.2
Maces & Flails | |  1.8
Shields        | |  2.9

Action                   || total
-------------------------++-------
Melee: Flail             ||    34
  Use: Scroll            ||     4
       Potion            ||     1
Armor: Scale mail        ||    12
Dodge: Dodged            ||    16
Block: Buckler           ||     9

Table legend: (Time is in decaauts)
 A = Elapsed time spent in this place.
 B = Non-inter-level travel time spent in this place.
 C = Inter-level travel time spent in this place.
 D = Time resting spent in this place.
 E = Time spent auto-exploring this place.
 F = Levels seen in this place.
 G = Mean time per level.
                   A        B        C        D        E       F      G
               +--------+--------+--------+--------+--------+-----+--------+
         Total |   1795 |   1732 |     63 |      0 |   1604 |   2 |  897.5 |
       Dungeon |   1795 |   1732 |     63 |      0 |   1604 |   2 |  897.5 |
               +--------+--------+--------+--------+--------+-----+--------+

Top non-repeatable levels by time:
     D:1: 1343 daAuts
     D:2: 452 daAuts
